 Dungeon Crawl Stone Soup version 0.27.1-34-g3ba077fa99 (webtiles) character file.

Game seed: 1166998158583217864

24 mcbry74 the Chopper (level 3, -1/31 HPs)
             Began as a Hill Orc Berserker on Jan 24, 2022.
             Was a Follower of Trog.
             Slain by a kobold (6 damage)
             ... on level 1 of the Dungeon.
             The game lasted 00:01:19 (514 turns).

mcbry74 the Chopper (Hill Orc Berserker)             Turns: 514, Time: 00:01:19

Health: -1/31      AC:  3    Str: 20    XL:     3   Next: 2%
Magic:  3/3        EV: 11    Int:  7    God:    Trog [*.....]
Gold:   15         SH:  0    Dex: 10    Spells: 2/2 levels left

rFire    . . .     SeeInvis .   a - +0 hand axe
rCold    . . .     Faith    .   (no shield)
rNeg     . . .     Spirit   .   b - +0 animal skin
rPois    .         Reflect  .   (no helmet)
rElec    .         Harm     .   (no cloak)
rCorr    .         Rampage  .   (no gloves)
Will     .....                  c - +0 pair of boots
Stlth    +.........             (no amulet)
HPRegen  0.10/turn              (no ring)
MPRegen  0.08/turn              (no ring)

@: no status effects
A: no striking features
a: Renounce Religion, Berserk


You were on level 1 of the Dungeon.
You worshipped Trog.
Trog was aware of your devotion.
You visited 1 branch of the dungeon, and saw 1 of its levels.

You collected 15 gold pieces.

Inventory:

Hand Weapons
 a - a +0 hand axe (weapon)
Missiles
 d - 25 sling bullets
Armour
 b - a +0 animal skin (worn)
 c - a +0 pair of boots (worn)


   Skills:
 - Level 3.6 Fighting
 + Level 5.4 Axes
 - Level 2.1 Armour
 - Level 1.5 Dodging


You had 2 spell levels left.
You didn't know any spells.
Your spell library was empty.

Dungeon Overview and Level Annotations

Branches:
Dungeon (1/15)

Altars:


Message History

Trog accepts your kill.
A rat comes into view.
A kobold comes into view.
It is wielding a +2 short sword of electrocution.
The hobgoblin hits you.
You barely miss the hobgoblin.
The hobgoblin is moderately wounded.
A dart slug comes into view.
The hobgoblin barely misses you.
The kobold shouts!
You hit the hobgoblin.
The hobgoblin is heavily wounded.
The hobgoblin hits you.
You hit the hobgoblin.
You kill the hobgoblin!
Trog accepts your kill.
You hit the ball python.
The ball python is moderately wounded.
You hit the rat.
You kill the rat!
Trog accepts your kill. The ball python closely misses you.
The ball python barely misses you. x2
The ball python grabs you. The ball python constricts you.
You have reached level 3!
Your experience leads to an increase in your attributes!
Increase (S)trength, (I)ntelligence, or (D)exterity?
You feel stronger.
You hit the ball python.
You kill the ball python!
Trog accepts your kill.
The kobold throws a stone.
The stone barely misses you.
You see here a ball python corpse.
You hit the kobold but do no damage.
The kobold hits you with a +2 short sword of electrocution.
You are electrocuted!
* * * LOW HITPOINT WARNING * * *
You are too injured to fight recklessly!
You are too injured to fight recklessly!
You barely miss the kobold.
The kobold hits you with a +2 short sword of electrocution.
You die...

#. .. #.##### ....#..
#.#.#.#############
#.#.#.##...........
####.#.#)#.##.##########
.....wK@........########
......####.#............
..... ...+...........)
.... #####...........†
... +............ ..
#............ .
.............
.#####..##### ##. #


You could see a dart slug and a kobold.

Vanquished Creatures
  A dart slug (D:1)
  2 ball pythons (D:1)
  A bat (D:1)
  2 endoplasms (D:1)
  A giant cockroach (D:1)
  3 goblins (D:1)
  4 hobgoblins (D:1)
  A kobold (D:1)
  5 rats (D:1)
20 creatures vanquished.

Notes
Turn   | Place    | Note
-------+----------+-------------------------------------------
     0 | D:1      | mcbry74 the Hill Orc Berserker began the quest for the Orb.
     0 | D:1      | Reached XP level 1. HP: 19/19 MP: 1/1
   166 | D:1      | Reached XP level 2. HP: 24/26 MP: 2/2
   283 | D:1      | Reached skill level 5 in Axes
   511 | D:1      | Reached XP level 3. HP: 24/31 MP: 3/3
   514 | D:1      | Slain by a kobold

Illustrated notes

Levels and vault maps discovered:
D:1:      dpeg_arrival_subterranean_lakeside_camping, layout_basic

Skill      XL: |  1  2 |
---------------+-------+-----
Axes           | 5 |  5.4
Fighting       | |  3.6
Armour         | |  2.1
Dodging        | |  1.5

Action                   || total
-------------------------++-------
Melee: Hand axe          ||    52
Armor: Animal skin       ||     7
Dodge: Dodged            ||    31
